 Dungeon Crawl Stone Soup version 0.26.0-10-g1f06aea511 (webtiles) character file.

Game seed: 17999636677998812022

2400 Arum the Thaumaturge (level 9, 0/57 HPs)
             Began as a Formicid Conjurer on Jan 22, 2021.
             Was a Believer of Sif Muna.
             Shot with an arrow by a centaur warrior (22 damage)
             ... on level 7 of the Dungeon.
             The game lasted 00:17:25 (12596 turns).

Arum the Thaumaturge (Formicid Conjurer)           Turns: 12596, Time: 00:17:26

Health: 0/57       AC:  5    Str: 11    XL:     9   Next: 75%
Magic:  11/22      EV: 12    Int: 22    God:    Sif Muna [**....]
Gold:   442        SH:  0    Dex:  9    Spells: 21/26 levels left

rFire    . . .     SeeInvis +   b - +1 dagger (speed)
rCold    . . .     Faith    .   (no shield)
rNeg     . . .     Spirit   .   a - +0 robe
rPois    .         Reflect  .   (helmet unavailable)
rElec    .         Harm     .   C - +0 cloak
rCorr    .         Rampage  .   o - +0 pair of gloves
Will     .....                  x - +0 pair of boots
Stlth    ++........             (no amulet)
HPRegen  0.19/turn              (no ring)
MPRegen  0.18/turn              (no ring)

@: no status effects
A: permanent stasis, dig shafts and tunnels, four strong arms, antennae 3
a: Dig, Shaft Self, Renounce Religion, Channel Magic


You were on level 7 of the Dungeon.
You worshipped Sif Muna.
Sif Muna was pleased with you.
You visited 2 branches of the dungeon, and saw 9 of its levels.

You collected 442 gold pieces.

Inventory:

Hand Weapons
 b - a +1 dagger of speed (weapon)
Missiles
 B - a throwing net
Armour
 a - a +0 robe (worn)
 f - a scarf of repulsion
 o - a +0 pair of gloves (worn)
 x - a +0 pair of boots (worn)
 C - a +0 cloak (worn)
Wands
 c - a wand of polymorph (11)
 w - a wand of disintegration (16)
Scrolls
 d - 7 scrolls of identify
 e - a scroll of enchant armour {unknown}
 h - 2 scrolls of magic mapping {unknown}
 j - 5 scrolls of teleportation {unknown}
 m - 5 scrolls of blinking {unknown}
 q - 2 scrolls of random uselessness {unknown}
 r - a scroll of enchant weapon {unknown}
 s - a scroll of immolation {unknown}
 v - 3 scrolls of fear {unknown}
 y - a scroll of remove curse
 D - a scroll of amnesia {unknown}
Potions
 g - a potion of brilliance
 i - a potion of might {unknown}
 k - 2 potions of flight {unknown}
 l - a potion of invisibility {unknown}
 n - a potion of berserk rage {unknown}
 p - 3 potions of degeneration {unknown}
 t - a potion of magic {unknown}
 u - 2 potions of curing
 z - 2 potions of ambrosia {unknown}
 A - 2 potions of resistance


   Skills:
 - Level 1.7 Dodging
 - Level 2.4 Stealth
 + Level 9.1 Spellcasting
 + Level 8.9 Conjurations
 + Level 0.7 Invocations


You had 21 spell levels left.
You knew the following spells:

 Your Spells              Type           Power        Failure   Level
a - Magic Dart            Conj           100%         1%          1
b - Fulminant Prism       Conj/Hex       14%          11%         4

Your spell library contained the following spells:

 Spells                   Type           Power        Failure   Level
 Searing Ray              Conj           98%          1%          2
 Dazzling Flash           Conj/Hex       58%          3%          3
 Iskenderun's Mystic Bla  Conj/Tloc      29%          11%         4


Dungeon Overview and Level Annotations

Branches:
Dungeon (8/15)             Temple (1/1) D:4
   Lair: D:8-11

Altars:
Ashenzari
Cheibriados
Dithmenos
Elyvilon
Fedhas
Gozag
Hepliaklqana
Kikubaaqudgha
Makhleb
Nemelex Xobeh
Okawaru
Qazlal
Ru
Sif Muna
Trog
Uskayaw
Vehumet
Wu Jian
Xom
Yredelemnul
Zin
The Shining One

Shops:
D:6 }

Annotations:
D:4 3 runed translucent doors, MajorAdolf's ghost, amateur NaWn


Innate Abilities, Weirdness & Mutations

You cannot be hasted, slowed, berserked, paralysed or teleported.
You can dig through walls and to a lower floor.
Your four strong arms can wield two-handed weapons with a shield.
You have a pair of large antennae on your head. (SInv)


Message History

Casting: Magic Dart (safe; 1% risk of failure)
Confirm with . or Enter, or press ? or * to list all spells.
Aiming: Fulminant Prism (dangerous; 11% risk of failure)
Press: ? - help, Dir - move target You conjure a prism of explosive energy!
A fulminant prism comes into view.
The centaur warrior shoots an arrow.
The arrow hits you!
Unknown command.
You are too injured to fight recklessly!
Unknown command.
You are too injured to fight recklessly!
Casting: Fulminant Prism (dangerous; 11% risk of failure)
Confirm with . or Enter, or press ? or * to list all spells.
Aiming: Magic Dart (safe; 1% risk of failure)
Press: ? - help, Shift-Dir - straight line, f - jelly
Aim: a jelly (0% to evade)
The magic dart hits the jelly.
The jelly is moderately wounded.
The centaur warrior shoots an arrow.
The arrow hits you!!
You die...

.# #...)#........# #
.#
.......#....#....###.#
# .#
.......#....#...## #.#
# .# .......#....#####
#.### .# .......#....#
#...# .#
{.......#....# ###.#
## .....J.#....# #.# #
....*..#....# #.#
...sc..@...(# #####.#
# ##### #############
#...... ###.#.#
#.....# #.###.#
)#.##.# #.##### #.#
#.# #.###.# #.#
#.###.. #)# #.# #.#
#...... #.###.# #.#
######. ...##.######.#
#. .....#.....<.# #.


You could see a centaur warrior, a scorpion, a jelly and a friendly fulminant
prism.

Vanquished Creatures
  An orc warrior (D:7)
  2 sky beasts
  A black bear (D:7)
  2 ogres
  2 big kobolds (D:8)
  3 bullfrogs (D:7)
  5 scorpions
  A wight (D:7)
  A howler monkey (D:8)
  4 bullfrog zombies
  5 orc priests
  A jelly (D:5)
  12 orc wizards
  3 hounds
  An iguana (D:5)
  5 worker ants
  2 hound zombies
  A hound skeleton (D:4)
  3 worker ant zombies
  A howler monkey zombie (D:8)
  4 gnolls (D:7)
  4 adders
  A shadow imp (D:7)
  An ooze (D:3)
  3 adder zombies (D:5)
  2 adder skeletons
  3 worms
  2 dart slugs
  8 leopard geckos
  29 orcs
  10 bats
  4 giant cockroaches
  10 goblins
  8 hobgoblins
  6 jackals
  13 kobolds
  8 quokkas
  3 ball pythons
  4 frilled lizards
  A giant cockroach zombie (D:5)
  A jackal zombie (D:5)
  A leopard gecko zombie (D:7)
  2 quokka skeletons
  2 quokka zombies
  9 rats
195 creatures vanquished.

Vanquished Creatures (others)
  21 fulminant prisms
  8 withered plants (D:5)
29 creatures vanquished.

Grand Total: 224 creatures vanquished

Notes
Turn   | Place    | Note
-------+----------+-------------------------------------------
     0 | D:1      | Arum the Formicid Conjurer began the quest for the Orb.
     0 | D:1      | Reached XP level 1. HP: 13/13 MP: 3/3
   198 | D:1      | Reached XP level 2. HP: 19/19 MP: 1/5
   490 | D:1      | Reached XP level 3. HP: 24/24 MP: 2/7
   933 | D:1      | Reached skill level 3 in Spellcasting
  1261 | D:2      | Found a blossoming altar of Fedhas.
  1895 | D:2      | Reached XP level 4. HP: 30/30 MP: 3/9
  2211 | D:2      | Found a glowing golden altar of the Shining One.
  2834 | D:3      | Reached XP level 5. HP: 7/35 MP: 0/10
  3169 | D:3      | Reached skill level 4 in Spellcasting
  3534 | D:3      | Found a faded altar of an unknown god.
  3609 | D:3      | Reached skill level 5 in Conjurations
  4025 | D:4      | Reached XP level 6. HP: 28/41 MP: 4/12
  4030 | D:4      | Learned a level 4 spell: Fulminant Prism
  4477 | D:4      | Found a staircase to the Ecumenical Temple.
  4490 | Temple   | Entered the Ecumenical Temple
  4540 | Temple   | Became a worshipper of Sif Muna the Loreminder
  5234 | D:4      | Found a runed translucent gate.
  5234 | D:4      | Found a runed translucent gate.
  5234 | D:4      | Found a runed translucent gate.
  5234 | D:4      | Noticed MajorAdolf's ghost (amateur NaWn)
  5672 | D:5      | Entered Level 5 of the Dungeon
  5855 | D:5      | Reached skill level 5 in Spellcasting
  6193 | D:5      | Reached XP level 7. HP: 46/46 MP: 4/14
  6851 | D:5      | Reached skill level 6 in Spellcasting
  6999 | D:5      | Reached XP level 8. HP: 48/52 MP: 7/17
  7033 | D:5      | Reached * piety under Sif Muna
  7959 | D:6      | Found Abeur's Gadget Emporium.
  8154 | D:6      | Reached skill level 7 in Spellcasting
  9056 | D:7      | Reached XP level 9. HP: 40/57 MP: 6/20
  9687 | D:7      | Reached skill level 8 in Spellcasting
 10057 | D:8      | Reached ** piety under Sif Muna
 10720 | D:7      | Noticed a yaktaur
 11110 | D:8      | Found a stormy altar of Qazlal.
 11147 | D:8      | Found a shimmering altar of Xom.
 11147 | D:8      | Found a bloodstained altar of Trog.
 11148 | D:8      | Found an ornate altar of the Wu Jian Council.
 11148 | D:8      | Found a hazy altar of Hepliaklqana.
 11149 | D:8      | Found a glowing silver altar of Zin.
 11151 | D:8      | Found a radiant altar of Vehumet.
 11152 | D:8      | Found an ancient bone altar of Kikubaaqudgha.
 11502 | D:8      | HP: 2/57 [poisoned by a scorpion]
 11936 | D:8      | Reached skill level 9 in Spellcasting
 12591 | D:7      | Noticed a centaur warrior
 12596 | D:7      | Shot with an arrow by a centaur warrior

Illustrated notes

Levels and vault maps discovered:
D:1:      dpeg_arrival_windows_large_door, layout_rooms
D:2:      layout_loops_ring, lemuel_coloured_pillars_altar, lemuel_doored_altar
D:3:      minmay_spotlight, layout_loops_ring, chequers_ecumenical_altar_simple
D:4:      layout_gridville, minmay_temple_entry_large_hall,
          ebering_ghost_rock_garden
D:5:      layout_loops_ring, serial_undead, serial_undead_e, serial_undead_b,
          serial_undead_e, serial_undead_e, serial_undead_a, serial_undead_f
D:6:      layout_basic, serial_shops, shop
D:7:      minmay_klotski, layout_loops_ring
D:8:      layout_basic, minitemple
Temple:   chequers_temple_sunken

Skill      XL: |  1  2  3  4  5  6  7  8  9 |
---------------+----------------------------+-----
Conjurations   | 4 5 6 7 8 |  8.9
Spellcasting   | 3 4 5 6 7 9 |  9.1
Dodging        | |  1.7
Stealth        | |  2.4
Invocations    | |  0.7

Action                   |  1- 3 |  4- 6 |  7- 9 || total
-------------------------+-------+-------+-------++-------
Melee: Dagger            |    28 |    41 |    18 ||    87
       Unarmed           |     3 |       |       ||     3
 Cast: Magic Dart        |   101 |   180 |   331 ||   612
       Fulminant Prism   |       |     2 |    20 ||    22
  Use: Scroll            |       |     2 |     1 ||     3
       Potion            |       |     1 |       ||     1
Armor: Robe              |    11 |    14 |    27 ||    52
Dodge: Dodged            |    33 |    46 |    94 ||   173
       Repelled          |       |       |     2 ||     2
